 Dungeon Crawl Stone Soup version 0.20-a0-792-g09bcfd3 (webtiles) character file.

97037 GlassEater the Warrior (level 15, -16/147 HPs)
             Began as a Minotaur Berserker on Mar 2, 2017.
             Was a High Priest of Trog.
             Killed from afar by a thorn hunter (20 damage)
             ... with a volley of thorns
             ... on level 4 of the Swamp.
             The game lasted 01:00:21 (23231 turns).

GlassEater the Warrior (Minotaur Berserker)        Turns: 23231, Time: 01:00:23

Health: -16/147    AC: 21    Str: 22    XL:     15   Next: 70%
Magic:  0/14       EV: 14    Int:  3    God:    Trog [*****.]
Gold:   2356       SH: 31    Dex: 18    Spells: 14/14 levels left

rFire    . . .     SeeInvis +   a - +3 broad axe (flame)
rCold    + . .     Gourm    .   V - +4 chain mail
rNeg     + + .     Faith    .   o - +10 large shield of Ignorance {rN+ Int-4}
rPois    +         Spirit   +   S - +0 hat {Int+3}
rElec    .         Reflect  .   Q - scarf {rC+}
rCorr    .         Harm     .   p - +0 pair of gloves of the Duchess {rPois rN+ Stlth+}
MR       ++++.                  G - +0 pair of boots
Stlth    ..........             P - amulet of guardian spirit
Regen    1.4/turn               t - ring "Nuekhy" {AC+1 SInv}
MPRegen  0.2/turn               N - ring of protection from magic

@: exhausted, about to teleport, regenerating, slowed, very slow
A: retaliatory headbutt, claws 1, horns 2, talons 1, agile 1
a: Berserk, Trog's Hand, Brothers in Arms, Burn Spellbooks, Renounce Religion


You were on level 4 of the Swamp.
You worshipped Trog.
Trog was extremely pleased with you.
You were hungry.

You visited 4 branches of the dungeon, and saw 24 of its levels.
You also visited: Volcano.

You collected 2410 gold pieces.
You spent 54 gold pieces at shops.

Inventory:

Hand Weapons
 a - a +3 broad axe of flaming (weapon)
Missiles
 b - 98 bolts
Armour
 m - a +0 cloak
 o - the +10 large shield of Ignorance (worn) {rN+ Int-4}
   (You found it on level 1 of the Orcish Mines)

   It affects your intelligence (-4).
   It protects you from negative energy.
 p - the +0 pair of gloves of the Duchess (worn) {rPois rN+ Stlth+}
   (You found it on level 7 of the Dungeon)

   It protects you from poison.
   It protects you from negative energy.
   It makes you more stealthy.
 w - a +5 scale mail
 G - a +0 pair of boots (worn)
 Q - a scarf of cold resistance (worn)
 S - a +0 hat of intelligence (worn)
 T - a +2 hat of magic resistance
 V - a +4 chain mail (worn)
Jewellery
 i - a +3 ring of dexterity
 j - an uncursed ring of fire
 r - an uncursed ring of protection from fire
 t - the ring "Nuekhy" (right hand) {AC+1 SInv}
   (You found it on level 1 of the Lair of Beasts)

   [ring of protection]

   It affects your AC (+1).
   It lets you see invisible.
 x - an uncursed ring of positive energy
 B - an uncursed ring of protection from fire
 N - a ring of protection from magic (left hand)
 P - an amulet of guardian spirit (around neck)
 X - the ring of Roirgh {rElec Int-5 SInv Stlth+}
   (You found it on level 3 of the Swamp)

   [ring of see invisible]

   It affects your intelligence (-5).
   It insulates you from electricity.
   It lets you see invisible.
   It makes you more stealthy.
Wands
 E - a wand of flame (11/48)
 F - a wand of flame (16/48)
 L - a wand of flame (47/48)
 Y - a wand of flame (9/48)
Scrolls
 d - 3 scrolls of recharging
 f - 4 scrolls of fear
 l - 3 scrolls of enchant armour
 q - 9 scrolls of remove curse
 y - 2 scrolls of fog
 I - 2 scrolls of teleportation
 M - 2 scrolls of summoning
 R - 2 scrolls of magic mapping
Potions
 e - 3 potions of flight
 g - 5 potions of curing
 h - a potion of cancellation
 k - 7 potions of lignification
 n - 3 potions of haste
 z - 4 potions of agility
 A - 4 potions of invisibility
 C - a potion of resistance
 D - 3 potions of might
 H - a potion of ambrosia
 J - 3 potions of berserk rage
 O - 3 potions of mutation
Comestibles
 c - 13 bread rations
 s - 3 royal jellies
 u - 12 fruits
 K - 8 meat rations


   Skills:
 + Level 17.0 Fighting
 - Level 16.0 Axes
 + Level 13.9 Armour
 + Level 11.3 Dodging
 + Level 15.2 Shields


You had 14 spell levels left.
You didn't know any spells.

Dungeon Overview and Level Annotations

Branches:
Dungeon (12/15)            Temple (0/1) D:5            Lair (6/6) D:10
  Swamp (4/4) Lair:2       Spider (0/4) Lair:4        Slime (0/5) Lair:6
    Orc (2/2) D:11            Elf (0/3) Orc:2

Altars:
Fedhas
Kikubaaqudgha
Makhleb
Nemelex Xobeh
Qazlal
Ru
Sif Muna
Trog
Uskayaw
Vehumet
Wu Jian
Xom
Jiyva

Shops:
D:7 [   Orc:1 }   Orc:2 }*=:


Innate Abilities, Weirdness & Mutations

You reflexively headbutt those who attack you in melee.
You have a pair of horns on your head.
You have sharp fingernails.
You have sharp toenails.
You are agile. (Dex +2)


Message History

Your surroundings suddenly seem different.
A spiny frog comes into view.
The spiny frog gives a loud, deep croak!
A thorn hunter comes into view.
The thorn hunter gestures.
Thorny briars emerge from the ground!
You block the spiny frog's attack.
Found a falchion.
You hit the spiny frog. You burn the spiny frog.
The spiny frog is lightly wounded.
The spiny frog stings you!
* * * LOW HITPOINT WARNING * * *
As you read the scroll of teleportation, it crumbles to dust.
You feel strangely unstable. You block the spiny frog's attack. x2
The thorn hunter fires a volley of thorns at you.
The volley of thorns hits you!
* * * LOW HITPOINT WARNING * * *
The spiny frog barely misses you.
The thorn hunter fires a volley of thorns at you.
The volley of thorns hits you!
You die... ♣♣♣♣♣≈≈§..≈.♣ ♣♣≈).≈♣≈.. .≈♣ ♣≈≈≈≈.≈≈≈.≈≈(♣ ♣PPPPPPPP♣P≈≈♣ PPPPP≈PPPPP≈♣

PP≈...≈≈.♣..♣
PP≈≈≈.≈..≈..♣
PP≈≈≈≈≈F@..≈♣
≈P≈≈≈≈.....≈♣
♣♣♣≈≈≈≈≈...≈≈♣
♣≈≈≈≈≈≈≈..≈≈≈♣
♣≈≈≈≈≈.≈f.≈≈≈.♣
≈≈≈≈..≈...≈≈.≈♣
≈≈≈...♣♣§♣≈≈♣♣♣
≈≈≈≈♣♣ ♣♣♣♣..


You could see a thorn hunter and a spiny frog.

Vanquished Creatures
  A tentacled monstrosity (Swamp:2)
  Frances (Swamp:2)
  Gastronok (D:9)
  A thorn hunter (Swamp:1)
  The ghost of rgaf the Brawler, a journeyman DrTm of Cheibriados (Swamp:1)
  5 dire elephants (Lair:6)
  An ettin (Orc:2)
  The ghost of GlassEater the Severer, a journeyman MiBe of Trog (D:11)
  2 ogre magi (Orc:2)
  12 hydras
  A ghost crab (Swamp:3)
  An anaconda (Lair:6)
  8 two-headed ogres
  4 alligators
  A hell knight (Volcano)
  A salamander mystic (Volcano)
  A deep troll (Orc:2)
  2 unseen horrors
  12 slime creatures
  A shambling mangrove (Swamp:2)
  5 swamp dragons
  4 orange crystal statues (Orc:1)
  An orc knight (Orc:1)
  2 oklob plants
  2 manticores
  6 salamanders (Volcano)
  3 cyclopes
  3 ugly things (D:12)
  14 elephants
  4 black mambas
  13 spiny frogs
  A torpor snail (Lair:6)
  2 rime drakes
  2 ice devils (Lair:2)
  8 komodo dragons
  9 trolls
  4 polar bears
  3 tyrant leeches
  11 hornets
  9 bog bodies
  7 blink frogs
  10 hippogriffs
  A shadow (Swamp:1)
  A wraith (D:12)
  5 spriggans
  A wyvern (Lair:5)
  4 basilisks
  A hungry ghost (D:12)
  21 yaks
  15 vampire mosquitoes
  12 swamp worms
  3 insubstantial wisps (Swamp:1)
  3 acid dragons
  7 water moccasins
  2 hell hounds (Lair:3)
  13 porcupines
  7 swamp drakes
  14 orc warriors
  7 ice beasts
  18 ogres
  3 sky beasts
  9 centaurs
  11 crocodiles
  4 big kobolds
  Blork the orc (D:5)
  2 gnoll sergeants
  A wyvern zombie (D:11)
  14 bullfrogs
  5 scorpions
  5 killer bees
  3 electric eels
  6 howler monkeys
  5 crimson imps
  A bullfrog zombie (D:12)
  A hound (D:12)
  4 jellies
  A centaur zombie (D:5)
  11 orc priests
  3 centaur skeletons
  A gnoll shaman (D:7)
  3 bullfrog skeletons
  4 iguanas
  7 hell rats (Lair:6)
  8 worker ants
  20 orc wizards
  A hound zombie (D:9)
  A hound skeleton (D:7)
  A mummy (D:5)
  A howler monkey zombie (D:11)
  2 worker ant zombies
  14 gnolls
  18 adders
  A shadow imp (D:12)
  A worm (D:2)
  A dart slug (D:2)
  3 leopard geckos
  47 orcs
  3 ball pythons
  13 giant cockroaches
  3 goblins
  7 hobgoblins
  5 jackals
  21 kobolds
  8 quokkas
  8 bats
  3 frilled lizards
  A goblin zombie (D:5)
  A kobold zombie (D:5)
  A quokka skeleton (D:4)
  A quokka zombie (D:5)
  7 rats
  6 briar patches (Swamp:1)
  7 fungi
  10 plants
645 creatures vanquished.

Vanquished Creatures (collateral kills)
  2 two-headed ogres (Orc:2)
  A deep troll (Orc:2)
  4 trolls (Orc:2)
  5 ogres (Orc:2)
12 creatures vanquished.

Vanquished Creatures (others)
  A wizard (D:6)
  13 fungi
  7 plants
21 creatures vanquished.

Grand Total: 678 creatures vanquished

Notes
Turn   | Place    | Note
-------+----------+-------------------------------------------
     0 | D:1      | GlassEater the Minotaur Berserker began the quest for the Orb.
     0 | D:1      | Reached XP level 1. HP: 19/19 MP: 0/0
   452 | D:1      | Reached XP level 2. HP: 25/27 MP: 1/1
   782 | D:2      | Reached skill level 4 in Fighting
   997 | D:2      | Reached XP level 3. HP: 25/33 MP: 2/2
  1304 | D:2      | Reached ** piety under Trog
  1711 | D:3      | Reached XP level 4. HP: 41/41 MP: 3/3
  1844 | D:3      | Reached skill level 5 in Axes
  2115 | D:3      | Reached XP level 5. HP: 47/47 MP: 4/4
  2115 | D:3      | Reached skill level 5 in Fighting
  2517 | D:4      | Reached XP level 6. HP: 51/56 MP: 5/5
  2873 | D:4      | Reached *** piety under Trog
  2972 | D:4      | Found a burning altar of Makhleb.
  2972 | D:4      | Noticed a green death
  3197 | D:5      | Entered Level 5 of the Dungeon
  3225 | D:5      | Found a sacrificial altar of Ru.
  3232 | D:5      | Reached XP level 7. HP: 61/61 MP: 6/6
  3411 | D:5      | Found a staircase to the Ecumenical Temple.
  3416 | D:5      | Noticed Blork the orc
  3423 | D:5      | Killed Blork the orc
  3757 | D:5      | Found a blossoming altar of Fedhas.
  3790 | D:5      | Found a hide-covered altar of Uskayaw.
  3790 | D:5      | Found an ancient bone altar of Kikubaaqudgha.
  3793 | D:5      | Found an ornate altar of the Wu Jian Council.
  3794 | D:5      | Found a deep blue altar of Sif Muna.
  3795 | D:5      | Found a stormy altar of Qazlal.
  4228 | D:6      | Reached XP level 8. HP: 49/70 MP: 7/7
  4351 | D:6      | Reached skill level 6 in Fighting
  4351 | D:6      | Reached skill level 5 in Armour
  4362 | D:6      | Found a bloodstained altar of Trog.
  4368 | D:6      | Noticed a wizard
  4370 | D:6      | Killed a wizard
  4469 | D:6      | Found a sparkling altar of Nemelex Xobeh.
  4614 | D:7      | Reached skill level 5 in Dodging
  4678 | D:7      | Found a burning altar of Makhleb.
  4678 | D:7      | Found a radiant altar of Vehumet.
  4717 | D:7      | Reached **** piety under Trog
  4732 | D:7      | Reached skill level 10 in Axes
  5000 | D:7      | Got a pair of shimmering gloves
  5006 | D:7      | Identified the cursed +0 pair of gloves of the Duchess {rPois rN+ Stlth+} (You found it on level 7 of the Dungeon)
  5056 | D:7      | Found Lytapheh's Armour Emporium.
  5379 | D:8      | Reached XP level 9. HP: 78/78 MP: 8/8
  5631 | D:8      | Reached ***** piety under Trog
  5733 | D:8      | Found a shimmering altar of Xom.
  5755 | D:8      | Reached skill level 7 in Fighting
  6157 | D:9      | Noticed Gastronok
  6172 | D:9      | Killed Gastronok
  6172 | D:9      | Reached skill level 8 in Fighting
  6172 | D:9      | Reached XP level 10. HP: 90/90 MP: 9/9
  6345 | D:9      | Noticed a two-headed ogre
  6352 | D:9      | Killed a two-headed ogre
  6352 | D:9      | Received a gift from Trog
  6363 | D:9      | Noticed a two-headed ogre
  6371 | D:9      | Killed a two-headed ogre
  6419 | D:9      | Reached skill level 9 in Fighting
  6522 | D:10     | Entered Level 10 of the Dungeon
  6777 | D:10     | Noticed a cyclops
  6789 | D:10     | Killed a cyclops
  6790 | D:10     | Killed an unseen horror
  6861 | D:10     | Noticed a manticore
  6868 | D:10     | Killed a manticore
  6868 | D:10     | Reached XP level 11. HP: 97/97 MP: 10/10
  6944 | D:10     | Found a staircase to the Lair.
  6956 | D:10     | Reached skill level 15 in Axes
  7268 | D:11     | Noticed GlassEater's ghost (journeyman MiBe)
  7290 | D:11     | Killed GlassEater's ghost
  7303 | D:11     | Reached skill level 10 in Fighting
  8332 | D:11     | Found a staircase to the Orcish Mines.
  8371 | D:11     | Killed an unseen horror
  9298 | D:12     | Noticed a green ugly thing
  9304 | D:12     | Killed a green ugly thing
  9393 | D:12     | Reached skill level 5 in Shields
  9709 | D:12     | Reached XP level 12. HP: 107/107 MP: 11/11
  9765 | D:12     | Reached skill level 10 in Armour
  9871 | D:12     | Noticed a two-headed ogre
  9881 | D:12     | Killed a two-headed ogre
 10066 | Lair:1   | Entered Level 1 of the Lair of Beasts
 10088 | Lair:1   | Identified a scroll of acquirement
 10100 | Lair:1   | Reached skill level 11 in Fighting
 10205 | Lair:1   | Reached ****** piety under Trog
 10841 | Lair:1   | Got a serpentine lead ring
 10843 | Lair:1   | Identified the ring "Nuekhy" {AC+1 SInv} (You found it on level 1 of the Lair of Beasts)
 11048 | Lair:2   | Found a staircase to the Swamp.
 11049 | Lair:2   | Received a gift from Trog
 11326 | Lair:2   | Noticed an eight-headed hydra
 11330 | Lair:2   | Killed a seven-headed hydra
 11867 | Lair:2   | Reached skill level 12 in Fighting
 12533 | Lair:3   | Found a dark tunnel.
 12549 | Volcano  | Entered a volcano
 12574 | Volcano  | Found a burning altar of Makhleb.
 12751 | Volcano  | Reached XP level 13. HP: 119/119 MP: 12/12
 13230 | Lair:3   | You fall through a shaft for 3 floors!
 13230 | Lair:6   | Entered Level 6 of the Lair of Beasts
 13230 | Lair:6   | Found a viscous altar of Jiyva.
 13230 | Lair:6   | Found a staircase to the Slime Pits.
 13357 | Lair:4   | Reached skill level 13 in Fighting
 13928 | Lair:4   | Found a hole to the Spider Nest.
 15116 | Lair:5   | Found a stormy altar of Qazlal.
 15492 | Lair:6   | Received a gift from Trog
 15740 | Lair:6   | Reached skill level 14 in Fighting
 16766 | Lair:6   | Reached skill level 10 in Shields
 16934 | Lair:6   | Reached XP level 14. HP: 122/133 MP: 10/13
 17327 | Lair:6   | Reached skill level 15 in Fighting
 17947 | Orc:1    | Entered Level 1 of the Orcish Mines
 17950 | Orc:1    | Found a runed door.
 18088 | Orc:1    | Found a runed door.
 18372 | Orc:1    | Received a gift from Trog
 18577 | Orc:1    | Found Hofuvvom's Gadget Shoppe.
 18709 | Orc:1    | Lost intelligence.
 18970 | Orc:1    | Reached skill level 10 in Dodging
 19242 | Orc:2    | Entered Level 2 of the Orcish Mines
 19418 | Orc:2    | Found a staircase to the Elven Halls.
 19559 | Orc:2    | Found Bicwied's Book Shop.
 19582 | Orc:2    | Found Qidih's Jewellery Boutique.
 19623 | Orc:2    | Found Tateg's Assorted Antiques.
 19663 | Orc:2    | Reached skill level 16 in Fighting
 19691 | Orc:2    | Found Vexod's Gadget Shop.
 19694 | Orc:2    | Bought a scroll of identify for 54 gold pieces
 19841 | Orc:2    | Gained mutation: You are agile. (Dex +2) [potion of mutation]
 19841 | Orc:2    | Gained mutation: You have sharp toenails. [potion of mutation]
 19841 | Orc:2    | Gained mutation: You have sharp fingernails. [potion of mutation]
 19978 | Swamp:1  | Entered Level 1 of the Swamp
 20162 | Swamp:1  | Noticed rgaf's ghost (journeyman DrTm)
 20165 | Swamp:1  | Received a gift from Trog
 20218 | Swamp:1  | Killed rgaf's ghost
 20222 | Swamp:1  | Got a crystal hand axe {god gift}
 20310 | Swamp:1  | Identified the +2 hand axe of Autotheism {chop, *Rage rN+ MR++} (Trog gifted it to you on level 1 of the Swamp)
 20517 | Swamp:1  | Reached XP level 15. HP: 138/144 MP: 12/14
 20520 | Swamp:1  | Noticed a thorn hunter
 20533 | Swamp:1  | Killed a thorn hunter
 21264 | Swamp:2  | Noticed Frances
 21278 | Swamp:2  | Killed Frances
 21518 | Swamp:2  | Noticed a tentacled monstrosity
 21531 | Swamp:2  | Killed a tentacled monstrosity
 22262 | Swamp:3  | Got a bound turquoise ring
 22816 | Swamp:3  | Identified the ring of Roirgh {rElec Int-5 SInv Stlth+} (You found it on level 3 of the Swamp)
 23092 | Swamp:4  | Entered Level 4 of the Swamp
 23100 | Swamp:4  | Received a gift from Trog
 23199 | Swamp:4  | Reached skill level 15 in Shields
 23217 | Swamp:4  | Reached skill level 17 in Fighting
 23229 | Swamp:4  | Noticed a thorn hunter
 23231 | Swamp:4  | HP: 4/147 [thorn hunter/volley of thorns (19)]
 23231 | Swamp:4  | Killed from afar by a thorn hunter

Vault maps used:
D:1:      dpeg_arrival_court, kennysheep_crisscross
D:3:      kennysheep_big_empty_room, grunt_decor_mini_mirrors
D:4:      first_bread, makhleb_altar_promises_db
D:5:      minitemple, nicolae_ru_great_annihilating_truth,
          minmay_temple_entry_trees, nicolae_ossuary_entry_giza,
          uniq_blork_the_orc
D:6:      nemelex_altar_shiori, trog_wizard
D:7:      grunt_temple_overflow_lords_of_destruction, serial_shops, shop
D:8:      lemuel_doored_altar
D:9:      uniq_gastronok
D:10:     david_lair_generic
D:11:     orc_0_dummy
D:12:     grunt_ogre_cave
Lair:1:   st_stairs_7
Lair:2:   minmay_swamp_entry_reptiles, portal_ice_cave_demonic_guard,
          lemuel_fruit_tree
Lair:3:   enter_volcano_3, serial_bayou, serial_bayou_crossing,
          serial_bayou_pond_c, serial_bayou_pond_e, serial_bayou_pond_d
Lair:4:   nicolae_spider_entry_non_spiders, grunt_megastairs_1,
          serial_bayou_shore_a
Lair:5:   basic_altar
Lair:6:   due_jungle_book, slime_altar_1, minivault_11
Swamp:1:  hangedman_swamp_ruin_wall, hangedman_swamp_lotus
Swamp:2:  evilmike_swamp_ruin_house_6, uniq_frances
Swamp:3:  hangedman_swamp_cone
Swamp:4:  swamp_basic_johnstein
Orc:1:    serial_shops, nicolae_shop_behind_doors,
          chequers_guarded_unrand_ignorance
Orc:2:    st_orc_open
Volcano:  kennysheep_volcano_temple

Skill      XL: |  1  2  3  4  5  6  7  8  9 10 11 12 13 14 15 |
---------------+----------------------------------------------+-----
Axes           | 4 5 6 8 10 13 14 16 | 16.0
Fighting       | 4 5 6 8 9 10 12 14 16 17 | 17.0
Dodging        | 3 4 5 6 8 9 10 11 | 11.3
Armour         | 3 4 6 7 8 9 11 13 | 13.9
Shields        | 6 7 10 13 15 | 15.2

Action                   |  1- 3 |  4- 6 |  7- 9 | 10-12 | 13-15 || total
-------------------------+-------+-------+-------+-------+-------++-------
Melee: Hand axe          |    66 |    92 |    30 |       |       ||   188
       Headbutt          |    12 |    18 |    54 |   138 |   280 ||   502
       War axe           |       |       |   200 |   383 |       ||   583
       Broad axe         |       |       |       |   127 |   972 ||  1099
Invok: Berserk           |     3 |     2 |     5 |    14 |    16 ||    40
       Trog's Hand       |       |     1 |     1 |     2 |     8 ||    12
       Burn Spellbooks   |       |     1 |     3 |     2 |     3 ||     9
       Brothers in Arms  |       |       |       |       |     3 ||     3
  Use: Potion            |     2 |       |       |       |     6 ||     8
       Scroll            |       |       |    10 |    17 |    16 ||    43
 Stab: Sleeping          |     1 |       |     1 |       |       ||     2
       Invisible         |       |       |     1 |       |       ||     1
  Eat: Chunk             |     5 |     7 |    14 |    32 |    43 ||   101
       Royal jelly       |       |       |       |     1 |     8 ||     9
Armor: Animal skin       |    16 |     2 |       |       |       ||    18
       Chain mail        |       |    35 |       |       |    98 ||   133
       Scale mail        |       |    12 |    83 |   201 |   338 ||   634
Dodge: Dodged            |    62 |    58 |   146 |   262 |   567 ||  1095
Block: Buckler           |       |       |       |    63 |    22 ||    85
       Shield            |       |       |       |       |   297 ||   297
       Large shield      |       |       |       |       |   884 ||   884
